PL
TOLEDO TITANS @ ATLANTA SMOKE
09/13/2021
 
TOP OF THE 1ST
Toledo Titans batting - Pitching for Atlanta Smoke : RHP Cole Hall
Pitching: RHP Cole Hall
Batting: RHB Juan Ramos 0-0: Swinging Strike
0-1: SINGLE (Groundball, 56D)
Batting: SHB Mustapha Gonzales 0-0: Ball
1-0: Fielders Choice at 2nd, 4-6 (Groundball, 34)
Batting: RHB Donald Thompson Pickoff Throw to First - Error! E1
Mustapha Gonzales to second
0-0: Ball
1-0: Ball
2-0: Called Strike
2-1: DOUBLE (Line Drive, 78XD)
Mustapha Gonzales scores
Batting: RHB Juan Orozco 0-0: Called Strike
0-1: Called Strike
0-2: Foul Ball, location: 2F
0-2: Ball
1-2: Fly out, F5 (Popup, 5S)
Batting: RHB Phil Johnston 0-0: Ball
1-0: Foul Ball, location: 2F
1-1: Ball
2-1: Ground out 6-3 (Groundball, 6)
Top of the 1st over - 1 run(s), 2 hit(s), 1 error(s), 1 left on base; Toledo 1 - Atlanta 0
BOTTOM OF THE 1ST
Atlanta Smoke batting - Pitching for Toledo Titans : RHP Michael Fletcher
Pitching: RHP Michael Fletcher
Batting: LHB Albert Morán 0-0: Fly out, F9 (Line Drive, 89M)
Batting: RHB Cale Sutton 0-0: Ball
1-0: Called Strike
1-1: Ball
2-1: Foul Ball, location: 2F
2-2: Foul Ball, location: 2F
2-2: Strikes out swinging
Batting: LHB Mike Silver 0-0: Foul Ball, location: 2F
0-1: Ball
1-1: Ball
2-1: Fly out, F8 (Flyball, 8LS)
Bottom of the 1st over - 0 run(s), 0 hit(s), 0 error(s), 0 left on base; Toledo 1 - Atlanta 0
TOP OF THE 2ND
Toledo Titans batting - Pitching for Atlanta Smoke : RHP Cole Hall
Batting: RHB Sherman Davis 0-0: Called Strike
0-1: Swinging Strike
0-2: Ground out 6-3 (Groundball, 6)
Batting: LHB Iván Gonzáles 0-0: Called Strike
0-1: Ball
1-1: Ball
2-1: Foul Ball, location: 2F
2-2: Ball
3-2: Base on Balls
Batting: RHB Soseki Matsunaga 0-0: Foul Ball, location: 2F
0-1: Swinging Strike
0-2: Ball
1-2: Ball
2-2: Reached on error, E5 (Groundball, 56)
Iván Gonzáles to second
Batting: RHB Pablo Trujillo 0-0: Ball
1-0: Grounds into double play, 5-4-3 (Groundball, 6)
Top of the 2nd over - 0 run(s), 0 hit(s), 1 error(s), 1 left on base; Toledo 1 - Atlanta 0
BOTTOM OF THE 2ND
Atlanta Smoke batting - Pitching for Toledo Titans : RHP Michael Fletcher
Batting: RHB Bob Campbell 0-0: Swinging Strike
0-1: Ball
1-1: Swinging Strike
1-2: Ball
2-2: Strikes out swinging
Batting: LHB Armando Esparza 0-0: Called Strike
0-1: Foul Ball, location: 2F
0-2: Foul Ball, location: 2F
0-2: Ball
1-2: Hit by Pitch
Batting: RHB Nathan Horton 0-0: Called Strike
0-1: Ball
1-1: Ball
2-1: Reached on error, E5 (Groundball, 5)
Armando Esparza to second
Batting: RHB Mike Burns 0-0: Called Strike
0-1: Grounds into double play, 4-6-3 (Groundball, 4)
Bottom of the 2nd over - 0 run(s), 0 hit(s), 1 error(s), 1 left on base; Toledo 1 - Atlanta 0
TOP OF THE 3RD
Toledo Titans batting - Pitching for Atlanta Smoke : RHP Cole Hall
Batting: RHB Juan Ramos 0-0: Called Strike
0-1: Ball
1-1: Ground out 6-3 (Groundball, 6M)
Batting: SHB Mustapha Gonzales 0-0: Ball
1-0: Ball
2-0: Ball
3-0: Base on Balls
Batting: RHB Donald Thompson 0-0: Ball
1-0: Ball
2-0: Ball
3-0: Called Strike
3-1: Foul Ball, location: 2F
3-2: Base on Balls
Mustapha Gonzales to second
Batting: RHB Juan Orozco 0-0: Ball
1-0: Ball
Mustapha Gonzales steals 3rd base
Donald Thompson to second
2-0: Ground out 3-1 (Groundball, 34)
Mustapha Gonzales scores
Donald Thompson to third
Batting: RHB Phil Johnston 0-0: Called Strike
0-1: Foul Ball, location: 2F
0-2: Fly out, F9 (Flyball, 9M)
Top of the 3rd over - 1 run(s), 0 hit(s), 0 error(s), 1 left on base; Toledo 2 - Atlanta 0
BOTTOM OF THE 3RD
Atlanta Smoke batting - Pitching for Toledo Titans : RHP Michael Fletcher
Batting: RHB Daniel Rose 0-0: Ball
1-0: Ball
2-0: Called Strike
2-1: Ball
3-1: Fly out, F9 (Flyball, 9M)
Batting: LHB Mike Blue 0-0: Swinging Strike
0-1: Swinging Strike
0-2: Ground out 5-3 (Groundball, 5S)
Batting: LHB Albert Morán 0-0: Ball
1-0: Ball
2-0: SOLO HOME RUN (Flyball, 8LXD), Distance : 445 ft
Batting: RHB Cale Sutton 0-0: Ball
1-0: Ball
2-0: Called Strike
2-1: Foul Ball, location: 2F
2-2: Ball
3-2: Fly out, F7 (Flyball, 7LM)
Bottom of the 3rd over - 1 run(s), 1 hit(s), 0 error(s), 0 left on base; Toledo 2 - Atlanta 1
TOP OF THE 4TH
Toledo Titans batting - Pitching for Atlanta Smoke : RHP Cole Hall
Batting: RHB Sherman Davis 0-0: Ball
1-0: Ball
2-0: Called Strike
2-1: Called Strike
2-2: SINGLE (Groundball, 4MD)
Batting: LHB Iván Gonzáles 0-0: Called Strike
0-1: Ball
1-1: Called Strike
1-2: Ball
2-2: Strikes out swinging
Batting: RHB Soseki Matsunaga 0-0: Ball
1-0: Grounds into double play, 5-4-3 (Groundball, 56)
Top of the 4th over - 0 run(s), 1 hit(s), 0 error(s), 0 left on base; Toledo 2 - Atlanta 1
BOTTOM OF THE 4TH
Atlanta Smoke batting - Pitching for Toledo Titans : RHP Michael Fletcher
Batting: LHB Mike Silver 0-0: Ball
1-0: Ground out 4-3 (Groundball, 4)
Batting: RHB Bob Campbell 0-0: Ball
1-0: Ball
2-0: Ball
3-0: Base on Balls
Batting: LHB Armando Esparza 0-0: Ball
1-0: Foul Ball, location: 2F
1-1: Fly out, F9 (Flyball, 9D)
Batting: RHB Nathan Horton 0-0: Ball
1-0: Called Strike
1-1: Ball
2-1: Swinging Strike
2-2: Foul Ball, location: 2F
2-2: DOUBLE (Flyball, 8RXD)
Bob Campbell to third
Pinch Runner at 2nd Jake Hutchinson:
Batting: RHB Mike Burns 0-0: Ball
1-0: Called Strike
1-1: DOUBLE (Line Drive, 9LM)
Bob Campbell scores
Jake Hutchinson scores
Batting: RHB Daniel Rose 0-0: Ball
1-0: Ball
2-0: Fly out, F9 (Flyball, 89M)
Bottom of the 4th over - 2 run(s), 2 hit(s), 0 error(s), 1 left on base; Toledo 2 - Atlanta 3
TOP OF THE 5TH
Toledo Titans batting - Pitching for Atlanta Smoke : RHP Cole Hall
Now at 2B: Jake Hutchinson
Batting: RHB Pablo Trujillo 0-0: Ball
1-0: Foul Ball, location: 2F
1-1: Foul Ball, location: 2F
1-2: Strikes out looking
Batting: RHB Juan Ramos 0-0: SINGLE (Line Drive, 6MD)
Batting: SHB Mustapha Gonzales 0-0: Ball
Juan Ramos is caught stealing 2nd base
1-0: Foul Ball, location: 2F
1-1: Ball
2-1: Ball
3-1: Ground out 4-3 (Groundball, 4M)
Top of the 5th over - 0 run(s), 1 hit(s), 0 error(s), 0 left on base; Toledo 2 - Atlanta 3
BOTTOM OF THE 5TH
Atlanta Smoke batting - Pitching for Toledo Titans : RHP Michael Fletcher
Batting: LHB Mike Blue 0-0: Foul Ball, location: 2F
0-1: Ball
1-1: Ball
2-1: Ball
3-1: Foul Ball, location: 2F
3-2: Foul Ball, location: 2F
3-2: Base on Balls
Batting: LHB Albert Morán 0-0: Sac Bunt - play at first, batter OUT! 1-3
Mike Blue to second
Batting: RHB Cale Sutton 0-0: Called Strike
0-1: SINGLE (Line Drive, 7S)
Mike Blue to third
Runner from 3rd tries for Home, SAFE, no throw or cutoff
Batting: LHB Mike Silver 0-0: Ground out 2-3 (Groundball, 25)
Cale Sutton to second
Batting: RHB Bob Campbell 0-0: Foul Ball, location: 2F
0-1: Foul Ball, location: 2F
0-2: Fly out, F7 (Flyball, 7M)
Bottom of the 5th over - 1 run(s), 1 hit(s), 0 error(s), 1 left on base; Toledo 2 - Atlanta 4
TOP OF THE 6TH
Toledo Titans batting - Pitching for Atlanta Smoke : RHP Cole Hall
Batting: RHB Donald Thompson 0-0: Ball
1-0: Ball
2-0: Ball
3-0: Called Strike
3-1: Fly out, F3 (Popup, 3L)
Batting: RHB Juan Orozco 0-0: SINGLE (Line Drive, 4D)
Batting: RHB Phil Johnston 0-0: DOUBLE (Groundball, 5L)
Juan Orozco to third
Batting: RHB Sherman Davis 0-0: Ball
1-0: Ball
2-0: Ball
3-0: Called Strike
3-1: Ground out 5-3 (Groundball, 5L)
Batting: LHB Iván Gonzáles 0-0: Ball
1-0: Foul Ball, location: 2F
1-1: Swinging Strike
1-2: Ball
2-2: Strikes out swinging
Top of the 6th over - 0 run(s), 2 hit(s), 0 error(s), 2 left on base; Toledo 2 - Atlanta 4
BOTTOM OF THE 6TH
Atlanta Smoke batting - Pitching for Toledo Titans : RHP Michael Fletcher
Batting: LHB Armando Esparza 0-0: Ground out 5-3 (Groundball, 56)
Batting: RHB Jake Hutchinson 0-0: Foul Ball, location: 2F
0-1: Swinging Strike
0-2: Foul Ball, location: 2F
0-2: Strikes out swinging
Batting: RHB Mike Burns 0-0: Ball
1-0: Called Strike
1-1: Ground out 5-3 (Groundball, 56)
Bottom of the 6th over - 0 run(s), 0 hit(s), 0 error(s), 0 left on base; Toledo 2 - Atlanta 4
TOP OF THE 7TH
Toledo Titans batting - Pitching for Atlanta Smoke : RHP Cole Hall
Batting: RHB Soseki Matsunaga 0-0: Ball
1-0: Ground out 5-3 (Groundball, 5)
Batting: RHB Pablo Trujillo 0-0: Called Strike
0-1: Ball
1-1: Ball
2-1: DOUBLE (Line Drive, 9LM)
Batting: RHB Juan Ramos 0-0: Ball
1-0: Swinging Strike
1-1: Ball
2-1: Ball
3-1: Foul Ball, location: 2F
3-2: Base on Balls
Batting: SHB Mustapha Gonzales 0-0: Ball
1-0: Called Strike
1-1: Swinging Strike
1-2: Ball
2-2: Foul Ball, location: 2F
2-2: Strikes out swinging
Batting: RHB Donald Thompson 0-0: Ball
1-0: Called Strike
1-1: Swinging Strike
1-2: Strikes out swinging
Top of the 7th over - 0 run(s), 1 hit(s), 0 error(s), 2 left on base; Toledo 2 - Atlanta 4
BOTTOM OF THE 7TH
Atlanta Smoke batting - Pitching for Toledo Titans : RHP Michael Fletcher
Batting: RHB Daniel Rose 0-0: Ball
1-0: Ball
2-0: Ground out 3-1 (Groundball, 34)
Pitching: LHP Walt Johnston
Batting: LHB Mike Blue 0-0: Called Strike
0-1: Ball
1-1: Ground out 6-3 (Groundball, 6M)
Batting: LHB Albert Morán 0-0: Called Strike
0-1: Called Strike
0-2: Ball
1-2: Ball
2-2: Foul Ball, location: 2F
2-2: Foul Ball, location: 2F
2-2: Foul Ball, location: 2F
2-2: Strikes out looking
Bottom of the 7th over - 0 run(s), 0 hit(s), 0 error(s), 0 left on base; Toledo 2 - Atlanta 4
TOP OF THE 8TH
Toledo Titans batting - Pitching for Atlanta Smoke : RHP Cole Hall
Batting: RHB Juan Orozco 0-0: Ball
1-0: Reached on error, E3 (Groundball, 3)
Pitching: RHP Mike Farrell
Batting: RHB Phil Johnston 0-0: Ball
1-0: Ball
2-0: Swinging Strike
2-1: Foul Ball, location: 2F
2-2: Foul Ball, location: 2F
2-2: Strikes out swinging
Batting: RHB Sherman Davis 0-0: Ball
1-0: Ball
2-0: Ball
3-0: Called Strike
3-1: SINGLE (Groundball, 56D)
Juan Orozco to second
Pitching: LHP Ilie Paunescu
Pinch Hitting: SHB Juan Sánchez 0-0: Ball
1-0: Ball
2-0: Called Strike
2-1: Ball
3-1: Called Strike
3-2: Foul Ball, location: 2F
3-2: Fielders Choice at 2nd, 1-6 (Groundball, 15S)
Juan Orozco to third
Batting: RHB Soseki Matsunaga 0-0: Foul Ball, location: 2F
0-1: Swinging Strike
0-2: Ball
1-2: Ball
2-2: Strikes out swinging passed ball, reaches first!
Juan Orozco scores
Juan Sánchez to second
Batting: RHB Pablo Trujillo 0-0: SINGLE (Flyball, 8LS)
Juan Sánchez to third
Soseki Matsunaga to second
Runner from 3rd tries for Home, SAFE, throw made home
Soseki Matsunaga to third
Pablo Trujillo to second
Batting: RHB Juan Ramos 0-0: Ball
1-0: Ball
2-0: Ball
3-0: Called Strike
3-1: Base on Balls
Pinch Hitting: RHB Anthony Johnston 0-0: Ball
1-0: Fielders Choice at 2nd, U6 (Groundball, 6M)
Top of the 8th over - 2 run(s), 2 hit(s), 1 error(s), 3 left on base; Toledo 4 - Atlanta 4
BOTTOM OF THE 8TH
Atlanta Smoke batting - Pitching for Toledo Titans : LHP Walt Johnston
Now at 3B: Charles Jordan
Now at SS: Anthony Johnston
Batting: RHB Cale Sutton 0-0: Ball
1-0: Foul Ball, location: 2F
1-1: Ball
2-1: Ball
3-1: Base on Balls
Batting: LHB Mike Silver 0-0: Called Strike
0-1: Foul Ball, location: 2F
0-2: Foul Ball, location: 2F
0-2: SINGLE (Line Drive, 56D)
Cale Sutton to second
Batting: RHB Bob Campbell 0-0: Ball
1-0: Called Strike
1-1: SINGLE (Line Drive, 34)
Cale Sutton to third
Mike Silver to second
Runner from 3rd tries for Home, SAFE, no throw or cutoff
Batting: LHB Armando Esparza 0-0: Foul Ball, location: 2F
0-1: Foul Ball, location: 2F
0-2: DOUBLE (Groundball, 3L)
Mike Silver scores
Bob Campbell to third
Runner from 3rd tries for Home, SAFE, throw made home
Pitching: RHP Burt Booth
Batting: RHB Jake Hutchinson 0-0: Called Strike
0-1: Ball
1-1: Hit by Pitch
Batting: RHB Mike Burns 0-0: Sac Bunt - play at first, batter OUT! 1-3
Armando Esparza to third
Jake Hutchinson to second
Batting: RHB Daniel Rose 0-0: Foul Ball, location: 2F
0-1: Ball
1-1: Foul Ball, location: 2F
1-2: Ball
2-2: Fly out, F7 (Flyball, 78M)
Batting: LHB Mike Blue 0-0: Ball
1-0: Foul Ball, location: 2F
1-1: Fly out, F7 (Flyball, 78M)
Bottom of the 8th over - 3 run(s), 3 hit(s), 0 error(s), 2 left on base; Toledo 4 - Atlanta 7
TOP OF THE 9TH
Toledo Titans batting - Pitching for Atlanta Smoke : LHP Ilie Paunescu
Pitching: RHP Fred Pitts
Batting: RHB Donald Thompson 0-0: Ball
1-0: Ball
2-0: Called Strike
2-1: Called Strike
2-2: Strikes out swinging
Batting: RHB Juan Orozco 0-0: Ground out 5-3 (Groundball, 56S)
Batting: RHB Phil Johnston 0-0: Ball
1-0: Ground out 2-3 (Groundball, 23)
Top of the 9th over - 0 run(s), 0 hit(s), 0 error(s), 0 left on base; Toledo 4 - Atlanta 7
This league is powered by Out of the Park Baseball, the baseball management simulation game for PC, Mac and Linux
Friday, January 22nd, 2016 - OOTP Baseball 16.9 Build 39